Pick #1

Connor Bedard
Pick #2

Leo Carlsson
Pick #3

Adam Fantilli
Pick #4

Matvei Michkov
Pick #5

David Reinbacher
Pick #6

William Smith
Pick #7

Zachary Benson
Pick #8

Ryan Leonard
Pick #9

Gabriel Perreault
Pick #10

Axel Sandin-Pellika
Pick #11

Daniil But
Pick #12

Dalibor Dvorsky
Pick #13

Quentin Musty
Pick #14

Brayden Yager
Pick #15

Dmitry Simashev
Pick #16

Colby Barlow
Pick #17

Andrew Cristall
Pick #18

Easton Cowan
Pick #19

Jacob Fowler
Pick #20

Oliver Moore
Pick #21

Oliver Bonk
Pick #22

Tom Willander
Pick #23

Calum Ritchie
Pick #24

Tanner Molendyk
Pick #25

Gavin Brindley
Pick #26

Nate Danielson
Pick #27

Pick #28

Pick #29

Pick #30

Pick #31

Pick #32

Pick #33

Pick #34

Pick #35

Pick #36

Pick #37

Pick #38

Pick #39

Pick #40

Pick #41

Pick #42

Pick #43

Pick #44

Pick #45

Pick #46

Pick #47

Pick #48

Pick #49

Pick #50

Pick #51

Pick #52

Pick #53

Pick #54

Pick #55

Pick #56

Pick #57

Pick #58

Pick #59

Pick #60

Pick #61

Pick #62

Pick #63

Pick #64

Pick #65

Pick #66

Pick #67

Pick #68

Pick #69

Pick #70

Pick #71

Pick #72

Pick #73

Pick #74

Pick #75

Pick #76

Pick #77

Pick #78

Pick #79

Pick #80

Pick #81

Pick #82

Pick #83

Pick #84

Pick #85

Pick #86

Pick #87

Pick #88

Pick #89

Pick #90

Pick #91

Pick #92

Pick #93

Pick #94

Pick #95

Pick #96

Pick #97

Pick #98

Pick #99

Pick #100

Pick #101

Pick #102

Pick #103

Pick #104

Pick #105

Pick #106

Pick #107

Pick #108

Pick #109

Pick #110

Pick #111

Pick #112

Pick #113

Pick #114

Pick #115

Pick #116

Pick #117

Pick #118

Pick #119

Pick #120

Pick #121

Pick #122

Pick #123

Pick #124

Pick #125

Pick #126

Pick #127

Pick #128

Pick #129

Pick #130

Full Scoreboard »»

Canadiens vs MapleLeafs (R4)

Created - March 21, 2024 at 21:29

Goals
1 2 3 T
Canadiens 2 1 0 3
MapleLeafs 1 0 0 1
Shots
1 2 3 T
Canadiens 13 12 18 43
MapleLeafs 2 2 8 12

GoalsPenalties
1st period
1. Canadiens , Artturi Lehkonen 17 (Ryan Suter 27, Teuvo Teravainen 28) at 2:10 (PP)
2. MapleLeafs , Filip Chytil 13 (Rasmus Sandin 19) at 2:22
3. Canadiens , Leon Draisaitl 36 (Valeri Nichushkin 41) at 8:59
Erik Cernak (TOR) for Hooking (Minor) at 1:19
Jonatan Berggren (TOR) for Tripping (Minor) at 14:11
2nd period
4. Canadiens , Mattias Ekholm 14 (Teuvo Teravainen 29, Ryan O'Reilly 40) at 0:06
Drake Batherson (TOR) for Hooking (Minor) at 9:52
3rd period
No Goal
Adam Pelech (MTL) for Hooking (Minor) at 2:26
Drake Batherson (TOR) for Diving (Minor) at 7:08
Lars Eller (MTL) for Roughing (Minor) at 14:33
Drake Batherson (TOR) for Holding (Minor) at 19:34
Goalie Stats
Elvis Merzlikins (MTL), 11 saves from 12 shots - (0.917), W, 14-15-2, 60:00 minutes
Jordan Binnington (TOR), 40 saves from 43 shots - (0.930), L, 19-20-7, 60:00 minutes
3 StarsOfficial
1 - Artturi Lehkonen (MTL)
2 - Teuvo Teravainen (MTL)
3 - Leon Draisaitl (MTL)
Referees : Steve Kozari and Ian Walsh
Linesman : Tony Sericolo and Shandor Alphonso
Game Note
No Game Note
Finance
Level 1 -- Attendance: 6327 (97.34%) -- Ticket Income $695,970
Level 2 -- Attendance: 5000 (100.00%) -- Ticket Income $450,000
Level 3 -- Attendance: 2842 (81.20%) -- Ticket Income $184,730
Level 4 -- Attendance: 2449 (86.87%) -- Ticket Income $97,960
Luxury Box -- Attendance: 888 (88.80%) -- Ticket Income $195,360
Game was played at the Air Canada Center.
Total Attendance: 17506 (93.02%)
Total Ticket Income: $1,624,020
Other Income: $406,005
Total Income: $2,030,025



Team Name Goals Shots Shots Attemp Shots Blocked PIM HIT PP PK FO%
Canadiens 3436564261 / 5 (20%)049%
MapleLeafs 11230710250 / 2 (0%)151%

Canadiens
Player Name POS G A P +/- PIM HIT SHT SB MP PP MP PP SHT PK MP PK SHT FO% FOT
Adam PelechD0000221214:090:4600:0000% 0
Alex GoligoskiD0000003011:170:4010:0000% 0
Alexander KerfootC000-103208:330:0002:31136% 14
Andrew CoglianoC000-100006:020:0000:0000% 0
Anthony ManthaRW0000012013:150:0000:000100% 1
Artturi LehkonenLW1011034021:244:0832:3100% 1
Brendan GallagherRW000-102206:020:0000:0000% 4
Daniel SprongRW0000001013:150:0000:0000% 2
Filip ForsbergLW0001044018:043:0510:1200% 0
Ivan ProvorovD0000011223:423:5711:2300% 0
Jaccob SlavinD0001001025:363:1102:3500% 0
Lars EllerC0000253013:480:0000:34056% 16
Leon DraisaitlC1011017017:523:0510:00077% 26
Mattias EkholmD1011001025:012:3602:3500% 0
Ryan O'ReillyC0111025019:464:0800:53142% 26
Ryan SuterD0110011120:143:1611:2300% 0
Teuvo TeravainenLW0221014118:534:0800:00025% 4
Valeri NichushkinRW0111001019:073:0501:1500% 2
MapleLeafs
Player Name POS G A P +/- PIM HIT SHT SB MP PP MP PP SHT PK MP PK SHT FO% FOT
Alexander RomanovD0001050123:451:3704:5200% 0
Anthony DuclairLW000-1002018:571:5002:0800% 0
Arthur KaliyevRW000-1010014:590:0000:0000% 0
Barrett HaytonC000-1011116:491:5000:00057% 21
Drake BathersonRW0000602016:312:0800:0000% 1
Elmer SoderblomLW000000005:110:0000:0000% 0
Erik CernakD000-2250119:230:0002:2100% 0
Filip ChytilC1010022018:111:5002:08037% 27
John MarinoD000-2000221:030:0004:0000% 0
Jonatan BerggrenRW0000202014:120:0000:0000% 3
Jonathan HuberdeauC0000021116:342:0800:000100% 1
Nicolas HagueD0000030120:042:2103:1300% 0
Noah CatesLW0000000010:160:0005:0500% 0
Noel AcciariC0000000010:160:0005:05067% 18
Rasmus SandinD0111001018:531:3710:0000% 0
Shane PintoC0000000016:342:0800:00061% 23
Trent FredericC0000010014:130:0000:0000% 2
Zach WhitecloudD0000051016:512:2100:0000% 0



Play-by-Play

1st period


0:01 of 1st period - Leon Draisaitl wins face-off versus Shane Pinto in neutral zone.
0:22 of 1st period - Shot by Leon Draisaitl.
0:22 of 1st period - Deflect By Valeri Nichushkin.
0:22 of 1st period - Stopped by Jordan Binnington without a rebound.
0:23 of 1st period - Ryan O'Reilly wins face-off versus Barrett Hayton in MapleLeafs zone.
1:01 of 1st period - Barrett Hayton is hit by Artturi Lehkonen and loses puck.
1:19 of 1st period - Minor Penalty to Erik Cernak for Hooking.
1:20 of 1st period - Leon Draisaitl wins face-off versus Noel Acciari in MapleLeafs zone.
1:41 of 1st period - Off-side.
1:42 of 1st period - Leon Draisaitl wins face-off versus Filip Chytil in neutral zone.
1:44 of 1st period - Off-side.
1:45 of 1st period - Noel Acciari wins face-off versus Ryan O'Reilly in neutral zone.
2:10 of 1st period - Shot by Artturi Lehkonen.
2:10 of 1st period - Goal by Artturi Lehkonen - Canadiens : 1 - MapleLeafs : 0.
2:11 of 1st period - Filip Chytil wins face-off versus Lars Eller in neutral zone.
2:18 of 1st period - Shot by Jonatan Berggren.
2:18 of 1st period - Stopped by Elvis Merzlikins without a rebound.
2:19 of 1st period - Filip Chytil wins face-off versus Brendan Gallagher in Canadiens zone.
2:22 of 1st period - Shot by Filip Chytil.
2:22 of 1st period - Goal by Filip Chytil - Canadiens : 1 - MapleLeafs : 1.
2:23 of 1st period - Lars Eller wins face-off versus Filip Chytil in neutral zone.
5:18 of 1st period - Icing by Ryan Suter.
5:19 of 1st period - Ryan O'Reilly wins face-off versus Barrett Hayton in Canadiens zone.
5:58 of 1st period - Shot by Barrett Hayton.
5:58 of 1st period - Shot Misses the Net.
6:00 of 1st period - Shot by Barrett Hayton.
6:00 of 1st period - Shot Misses the Net.
6:19 of 1st period - Off-side.
6:20 of 1st period - Shane Pinto wins face-off versus Alexander Kerfoot in neutral zone.
6:22 of 1st period - Off-side.
6:23 of 1st period - Shane Pinto wins face-off versus Alexander Kerfoot in neutral zone.
6:27 of 1st period - Icing by Alex Goligoski.
6:28 of 1st period - Alexander Kerfoot wins face-off versus Shane Pinto in Canadiens zone.
6:28 of 1st period - Alexander Kerfoot is hit by Jonathan Huberdeau.
6:52 of 1st period - Shot by Brendan Gallagher.
6:52 of 1st period - Shot Misses the Net.
6:54 of 1st period - Shot by Alexander Kerfoot.
6:54 of 1st period - Shot Blocked by Jonathan Huberdeau.
7:26 of 1st period - Shot by Jonatan Berggren.
7:26 of 1st period - Shot Blocked by Adam Pelech.
7:57 of 1st period - Shot by Leon Draisaitl.
7:57 of 1st period - Stopped by Jordan Binnington without a rebound.
7:58 of 1st period - Barrett Hayton wins face-off versus Ryan O'Reilly in MapleLeafs zone.
8:54 of 1st period - John Marino is hit by Filip Forsberg and loses puck.
8:59 of 1st period - Shot by Leon Draisaitl.
8:59 of 1st period - Goal by Leon Draisaitl - Canadiens : 2 - MapleLeafs : 1.
9:00 of 1st period - Filip Chytil wins face-off versus Leon Draisaitl in neutral zone.
9:02 of 1st period - Off-side.
9:03 of 1st period - Leon Draisaitl wins face-off versus Filip Chytil in neutral zone.
10:04 of 1st period - Shot by Anthony Mantha.
10:04 of 1st period - Stopped by Jordan Binnington without a rebound.
10:05 of 1st period - Ryan O'Reilly wins face-off versus Noel Acciari in MapleLeafs zone.
10:16 of 1st period - Shot by Teuvo Teravainen.
10:16 of 1st period - Stopped by Jordan Binnington without a rebound.
10:17 of 1st period - Lars Eller wins face-off versus Shane Pinto in MapleLeafs zone.
10:42 of 1st period - Shot by Jonathan Huberdeau.
10:42 of 1st period - Shot Misses the Net.
10:44 of 1st period - Shot by Jonathan Huberdeau.
10:44 of 1st period - Shot Blocked by Ivan Provorov.
10:48 of 1st period - Shot by Jonathan Huberdeau.
10:48 of 1st period - Shot Blocked by Ryan Suter.
11:24 of 1st period - Anthony Duclair is hit by Ryan Suter.
11:27 of 1st period - Icing by Ivan Provorov.
11:28 of 1st period - Lars Eller wins face-off versus Filip Chytil in Canadiens zone.
11:43 of 1st period - Trent Frederic is hit by Anthony Mantha and loses puck.
11:54 of 1st period - Shot by Filip Chytil.
11:54 of 1st period - Deflect By Jonatan Berggren.
11:54 of 1st period - Shot Misses the Net.
12:23 of 1st period - Rasmus Sandin is hit by Filip Forsberg and loses puck.
12:51 of 1st period - Alex Goligoski is hit by Barrett Hayton and loses puck.
13:00 of 1st period - Shot by Ryan O'Reilly.
13:00 of 1st period - Shot Misses the Net.
13:12 of 1st period - Shot by Teuvo Teravainen.
13:12 of 1st period - Stopped by Jordan Binnington without a rebound.
13:13 of 1st period - Shane Pinto wins face-off versus Alexander Kerfoot in MapleLeafs zone.
13:13 of 1st period - Jonathan Huberdeau is hit by Brendan Gallagher.
13:24 of 1st period - Icing by Zach Whitecloud.
13:25 of 1st period - Shane Pinto wins face-off versus Ryan O'Reilly in MapleLeafs zone.
13:27 of 1st period - Icing by Jonathan Huberdeau.
13:28 of 1st period - Teuvo Teravainen wins face-off versus Shane Pinto in MapleLeafs zone.
13:33 of 1st period - Shot by Ryan O'Reilly.
13:33 of 1st period - Stopped by Jordan Binnington without a rebound.
13:34 of 1st period - Shane Pinto wins face-off versus Ryan O'Reilly in MapleLeafs zone.
13:34 of 1st period - Drake Batherson is hit by Teuvo Teravainen.
13:51 of 1st period - Off-side.
13:52 of 1st period - Leon Draisaitl wins face-off versus Filip Chytil in neutral zone.
13:57 of 1st period - Icing by Nicolas Hague.
13:58 of 1st period - Leon Draisaitl wins face-off versus Filip Chytil in MapleLeafs zone.
13:58 of 1st period - Leon Draisaitl is hit by Zach Whitecloud.
14:09 of 1st period - Zach Whitecloud is hit by Adam Pelech and loses puck.
14:11 of 1st period - Minor Penalty to Jonatan Berggren for Tripping.
14:12 of 1st period - Ryan O'Reilly wins face-off versus Noel Acciari in MapleLeafs zone.
14:17 of 1st period - Shot by Artturi Lehkonen.
14:17 of 1st period - Stopped by Jordan Binnington without a rebound.
14:18 of 1st period - Noel Acciari wins face-off versus Leon Draisaitl in MapleLeafs zone.
14:18 of 1st period - John Marino is hit by Filip Forsberg and loses puck.
14:38 of 1st period - Alexander Romanov is hit by Leon Draisaitl and loses puck.
15:03 of 1st period - Shot by Leon Draisaitl.
15:03 of 1st period - Stopped by Jordan Binnington without a rebound.
15:04 of 1st period - Noel Acciari wins face-off versus Ryan O'Reilly in MapleLeafs zone.
15:10 of 1st period - Icing by Mattias Ekholm.
15:11 of 1st period - Noel Acciari wins face-off versus Ryan O'Reilly in Canadiens zone.
16:22 of 1st period - Shot by Brendan Gallagher.
16:22 of 1st period - Shot Misses the Net.
16:24 of 1st period - Shot by Alexander Kerfoot.
16:24 of 1st period - Deflect By Brendan Gallagher.
16:24 of 1st period - Stopped by Jordan Binnington without a rebound.
16:25 of 1st period - Noel Acciari wins face-off versus Leon Draisaitl in MapleLeafs zone.
16:35 of 1st period - Leon Draisaitl is hit by Zach Whitecloud and loses puck.
16:52 of 1st period - Shot by Leon Draisaitl.
16:52 of 1st period - Stopped by Jordan Binnington without a rebound.
16:53 of 1st period - Shane Pinto wins face-off versus Alexander Kerfoot in MapleLeafs zone.
16:53 of 1st period - Shane Pinto is hit by Alexander Kerfoot.
17:05 of 1st period - Rasmus Sandin is hit by Alexander Kerfoot and loses puck.
17:36 of 1st period - Shot by Alexander Kerfoot.
17:36 of 1st period - Shot Misses the Net.
17:52 of 1st period - Teuvo Teravainen is hit by Alexander Romanov and loses puck.
19:27 of 1st period - Icing by Erik Cernak.
19:28 of 1st period - Lars Eller wins face-off versus Barrett Hayton in MapleLeafs zone.
19:28 of 1st period - Jaccob Slavin is hit by Erik Cernak and loses puck.
19:41 of 1st period - Shot by Daniel Sprong.
19:41 of 1st period - Deflect By Anthony Mantha.
19:41 of 1st period - Stopped by Jordan Binnington without a rebound.
19:42 of 1st period - Ryan O'Reilly wins face-off versus Filip Chytil in MapleLeafs zone.
19:58 of 1st period - Icing by Trent Frederic.
19:59 of 1st period - Lars Eller wins face-off versus Filip Chytil in MapleLeafs zone.
Goals for this period are 2 for Canadiens vs 1 for MapleLeafs.
Shots for this period are 13 for Canadiens vs 2 for MapleLeafs.

2nd period


0:01 of 2nd period - Ryan O'Reilly wins face-off versus Filip Chytil in neutral zone.
0:04 of 2nd period - Shot by Teuvo Teravainen.
0:04 of 2nd period - Shot Misses the Net.
0:06 of 2nd period - Shot by Mattias Ekholm.
0:06 of 2nd period - Goal by Mattias Ekholm - Canadiens : 3 - MapleLeafs : 1.
0:07 of 2nd period - Ryan O'Reilly wins face-off versus Barrett Hayton in neutral zone.
0:18 of 2nd period - Shot by Artturi Lehkonen.
0:18 of 2nd period - Shot Misses the Net.
0:20 of 2nd period - Shot by Jaccob Slavin.
0:20 of 2nd period - Stopped by Jordan Binnington without a rebound.
0:21 of 2nd period - Filip Chytil wins face-off versus Lars Eller in MapleLeafs zone.
0:25 of 2nd period - Off-side.
0:26 of 2nd period - Lars Eller wins face-off versus Trent Frederic in neutral zone.
0:38 of 2nd period - Off-side.
0:39 of 2nd period - Barrett Hayton wins face-off versus Leon Draisaitl in neutral zone.
0:58 of 2nd period - Shot by Leon Draisaitl.
0:58 of 2nd period - Shot Blocked by Barrett Hayton.
1:00 of 2nd period - Shot by Leon Draisaitl.
1:00 of 2nd period - Stopped by Jordan Binnington with a rebound.
1:42 of 2nd period - Jaccob Slavin is hit by Filip Chytil and loses puck.
4:43 of 2nd period - Icing by Barrett Hayton.
4:44 of 2nd period - Barrett Hayton wins face-off versus Alexander Kerfoot in MapleLeafs zone.
4:44 of 2nd period - Barrett Hayton is hit by Brendan Gallagher.
4:47 of 2nd period - Anthony Duclair is hit by Alexander Kerfoot and loses puck.
4:53 of 2nd period - Icing by Anthony Duclair.
4:54 of 2nd period - Barrett Hayton wins face-off versus Valeri Nichushkin in MapleLeafs zone.
6:24 of 2nd period - Icing by Mattias Ekholm.
6:25 of 2nd period - Shane Pinto wins face-off versus Alexander Kerfoot in Canadiens zone.
6:29 of 2nd period - Icing by Jaccob Slavin.
6:30 of 2nd period - Alexander Kerfoot wins face-off versus Filip Chytil in Canadiens zone.
6:32 of 2nd period - Icing by Mattias Ekholm.
6:33 of 2nd period - Filip Chytil wins face-off versus Brendan Gallagher in Canadiens zone.
6:34 of 2nd period - Shot by Jonatan Berggren.
6:34 of 2nd period - Shot Misses the Net.
6:54 of 2nd period - Shot by Filip Chytil.
6:54 of 2nd period - Stopped by Elvis Merzlikins without a rebound.
6:55 of 2nd period - Shane Pinto wins face-off versus Ryan O'Reilly in Canadiens zone.
7:22 of 2nd period - Off-side.
7:23 of 2nd period - Leon Draisaitl wins face-off versus Filip Chytil in neutral zone.
7:46 of 2nd period - Off-side.
7:47 of 2nd period - Lars Eller wins face-off versus Barrett Hayton in neutral zone.
7:58 of 2nd period - Anthony Mantha is hit by Arthur Kaliyev and loses puck.
8:31 of 2nd period - Barrett Hayton is hit by Lars Eller.
9:52 of 2nd period - Minor Penalty to Drake Batherson for Hooking.
9:53 of 2nd period - Noel Acciari wins face-off versus Teuvo Teravainen in MapleLeafs zone.
10:09 of 2nd period - Artturi Lehkonen is hit by Erik Cernak and loses puck.
10:51 of 2nd period - Off-side.
10:52 of 2nd period - Leon Draisaitl wins face-off versus Noel Acciari in neutral zone.
10:54 of 2nd period - Filip Forsberg is hit by Nicolas Hague and loses puck.
11:15 of 2nd period - Shot by Alex Goligoski.
11:15 of 2nd period - Stopped by Jordan Binnington with a rebound.
11:17 of 2nd period - Shot by Leon Draisaitl.
11:17 of 2nd period - Shot Blocked by John Marino.
11:27 of 2nd period - Shot by Leon Draisaitl.
11:27 of 2nd period - Shot Misses the Net.
11:29 of 2nd period - Shot by Ryan Suter.
11:29 of 2nd period - Shot Blocked by Alexander Romanov.
11:31 of 2nd period - Shot by Ryan Suter.
11:31 of 2nd period - Stopped by Jordan Binnington without a rebound.
11:32 of 2nd period - Noel Acciari wins face-off versus Teuvo Teravainen in MapleLeafs zone.
11:32 of 2nd period - Noel Acciari is hit by Ryan O'Reilly.
12:06 of 2nd period - Shot by Alexander Kerfoot.
12:06 of 2nd period - Stopped by Jordan Binnington without a rebound.
12:07 of 2nd period - Barrett Hayton wins face-off versus Daniel Sprong in MapleLeafs zone.
12:07 of 2nd period - Barrett Hayton is hit by Lars Eller.
12:37 of 2nd period - Shot by Lars Eller.
12:37 of 2nd period - Stopped by Jordan Binnington without a rebound.
12:38 of 2nd period - Ryan O'Reilly wins face-off versus Jonatan Berggren in MapleLeafs zone.
13:06 of 2nd period - Shot by Artturi Lehkonen.
13:06 of 2nd period - Stopped by Jordan Binnington without a rebound.
13:07 of 2nd period - Shane Pinto wins face-off versus Leon Draisaitl in MapleLeafs zone.
13:11 of 2nd period - John Marino is hit by Filip Forsberg.
13:14 of 2nd period - Drake Batherson is hit by Ivan Provorov.
13:17 of 2nd period - Icing by Ryan Suter.
13:18 of 2nd period - Barrett Hayton wins face-off versus Valeri Nichushkin in Canadiens zone.
13:21 of 2nd period - Shot by Barrett Hayton.
13:21 of 2nd period - Stopped by Elvis Merzlikins without a rebound.
13:22 of 2nd period - Ryan O'Reilly wins face-off versus Shane Pinto in Canadiens zone.
13:36 of 2nd period - Teuvo Teravainen is hit by Erik Cernak and loses puck.
13:51 of 2nd period - Shot by Shane Pinto.
13:51 of 2nd period - Shot Blocked by Teuvo Teravainen.
15:02 of 2nd period - Shot by Leon Draisaitl.
15:02 of 2nd period - Deflect By Filip Forsberg.
15:02 of 2nd period - Shot Misses the Net.
15:24 of 2nd period - Shot by Lars Eller.
15:24 of 2nd period - Shot Misses the Net.
15:26 of 2nd period - Shot by Alex Goligoski.
15:26 of 2nd period - Stopped by Jordan Binnington without a rebound.
15:27 of 2nd period - Barrett Hayton wins face-off versus Brendan Gallagher in MapleLeafs zone.
15:39 of 2nd period - Alexander Kerfoot is hit by Zach Whitecloud and loses puck.
15:56 of 2nd period - Shot by Brendan Gallagher.
15:56 of 2nd period - Stopped by Jordan Binnington without a rebound.
15:57 of 2nd period - Noel Acciari wins face-off versus Ryan O'Reilly in MapleLeafs zone.
15:59 of 2nd period - Noah Cates is hit by Artturi Lehkonen and loses puck.
17:31 of 2nd period - Shot by Leon Draisaitl.
17:31 of 2nd period - Shot Misses the Net.
17:37 of 2nd period - Shot by Valeri Nichushkin.
17:37 of 2nd period - Shot Misses the Net.
17:58 of 2nd period - Shot by Lars Eller.
17:58 of 2nd period - Stopped by Jordan Binnington without a rebound.
17:59 of 2nd period - Alexander Kerfoot wins face-off versus Trent Frederic in MapleLeafs zone.
18:21 of 2nd period - Alexander Kerfoot is hit by Zach Whitecloud and loses puck.
18:40 of 2nd period - Shot by Jonatan Berggren.
18:40 of 2nd period - Shot Blocked by Adam Pelech.
18:42 of 2nd period - Shot by Zach Whitecloud.
18:42 of 2nd period - Shot Misses the Net.
19:49 of 2nd period - Shot by Filip Forsberg.
19:49 of 2nd period - Stopped by Jordan Binnington without a rebound.
19:50 of 2nd period - Leon Draisaitl wins face-off versus Noel Acciari in MapleLeafs zone.
19:50 of 2nd period - Jaccob Slavin is hit by Alexander Romanov and loses puck.
Goals for this period are 1 for Canadiens vs 0 for MapleLeafs.
Shots for this period are 12 for Canadiens vs 2 for MapleLeafs.

3rd period


0:01 of 3rd period - Leon Draisaitl wins face-off versus Filip Chytil in neutral zone.
0:20 of 3rd period - Shot by Filip Chytil.
0:20 of 3rd period - Shot Misses the Net.
0:39 of 3rd period - Shot by Filip Forsberg.
0:39 of 3rd period - Stopped by Jordan Binnington without a rebound.
0:40 of 3rd period - Barrett Hayton wins face-off versus Lars Eller in MapleLeafs zone.
0:54 of 3rd period - Icing by Ryan Suter.
0:55 of 3rd period - Jonathan Huberdeau wins face-off versus Daniel Sprong in Canadiens zone.
1:12 of 3rd period - Shot by Lars Eller.
1:12 of 3rd period - Stopped by Jordan Binnington without a rebound.
1:13 of 3rd period - Ryan O'Reilly wins face-off versus Barrett Hayton in MapleLeafs zone.
1:13 of 3rd period - Teuvo Teravainen is hit by Zach Whitecloud and loses puck.
1:17 of 3rd period - Icing by Zach Whitecloud.
1:18 of 3rd period - Barrett Hayton wins face-off versus Ryan O'Reilly in MapleLeafs zone.
2:01 of 3rd period - Shot by Anthony Duclair.
2:01 of 3rd period - Stopped by Elvis Merzlikins without a rebound.
2:02 of 3rd period - Leon Draisaitl wins face-off versus Filip Chytil in Canadiens zone.
2:13 of 3rd period - Shot by Filip Chytil.
2:13 of 3rd period - Deflect By Trent Frederic.
2:13 of 3rd period - Shot Misses the Net.
2:15 of 3rd period - Shot by Alexander Romanov.
2:15 of 3rd period - Shot Misses the Net.
2:17 of 3rd period - Shot by Jonatan Berggren.
2:17 of 3rd period - Stopped by Elvis Merzlikins without a rebound.
2:18 of 3rd period - Lars Eller wins face-off versus Drake Batherson in Canadiens zone.
2:26 of 3rd period - Minor Penalty to Adam Pelech for Hooking.
2:27 of 3rd period - Alexander Kerfoot wins face-off versus Shane Pinto in Canadiens zone.
2:51 of 3rd period - Shot by Rasmus Sandin.
2:51 of 3rd period - Stopped by Elvis Merzlikins without a rebound.
2:52 of 3rd period - Filip Chytil wins face-off versus Alexander Kerfoot in Canadiens zone.
4:09 of 3rd period - Lars Eller is hit by Jonathan Huberdeau and loses puck.
4:36 of 3rd period - Shot by Elmer Soderblom.
4:36 of 3rd period - Shot Misses the Net.
4:48 of 3rd period - Shot by Alex Goligoski.
4:48 of 3rd period - Stopped by Jordan Binnington without a rebound.
4:49 of 3rd period - Leon Draisaitl wins face-off versus Shane Pinto in MapleLeafs zone.
5:02 of 3rd period - Shot by Valeri Nichushkin.
5:02 of 3rd period - Deflect By Leon Draisaitl.
5:02 of 3rd period - Stopped by Jordan Binnington without a rebound.
5:03 of 3rd period - Noel Acciari wins face-off versus Ryan O'Reilly in MapleLeafs zone.
5:03 of 3rd period - Noah Cates is hit by Ryan O'Reilly and loses puck.
5:08 of 3rd period - Shot by Ryan O'Reilly.
5:08 of 3rd period - Stopped by Jordan Binnington without a rebound.
5:09 of 3rd period - Shane Pinto wins face-off versus Leon Draisaitl in MapleLeafs zone.
5:31 of 3rd period - Icing by Mattias Ekholm.
5:32 of 3rd period - Leon Draisaitl wins face-off versus Filip Chytil in Canadiens zone.
5:32 of 3rd period - Valeri Nichushkin is hit by Trent Frederic and loses puck.
5:46 of 3rd period - Leon Draisaitl is hit by Erik Cernak and loses puck.
5:50 of 3rd period - Filip Forsberg is hit by Erik Cernak and loses puck.
6:09 of 3rd period - Icing by Filip Forsberg.
6:10 of 3rd period - Leon Draisaitl wins face-off versus Barrett Hayton in Canadiens zone.
6:33 of 3rd period - Shot by Anthony Duclair.
6:33 of 3rd period - Stopped by Elvis Merzlikins without a rebound.
6:34 of 3rd period - Shane Pinto wins face-off versus Lars Eller in Canadiens zone.
7:08 of 3rd period - Minor Penalty to Drake Batherson for Diving.
7:09 of 3rd period - Noel Acciari wins face-off versus Artturi Lehkonen in MapleLeafs zone.
7:18 of 3rd period - Shot by Ivan Provorov.
7:18 of 3rd period - Shot Blocked by Erik Cernak.
7:20 of 3rd period - Shot by Ivan Provorov.
7:20 of 3rd period - Stopped by Jordan Binnington without a rebound.
7:21 of 3rd period - Leon Draisaitl wins face-off versus Noel Acciari in MapleLeafs zone.
7:50 of 3rd period - Shot by Filip Forsberg.
7:50 of 3rd period - Stopped by Jordan Binnington with a rebound.
8:24 of 3rd period - Icing by Jaccob Slavin.
8:25 of 3rd period - Filip Chytil wins face-off versus Ryan O'Reilly in Canadiens zone.
8:38 of 3rd period - Shot by Artturi Lehkonen.
8:38 of 3rd period - Stopped by Jordan Binnington without a rebound.
8:39 of 3rd period - Noel Acciari wins face-off versus Ryan O'Reilly in MapleLeafs zone.
9:09 of 3rd period - Alexander Romanov is hit by Adam Pelech and loses puck.
9:18 of 3rd period - Shot by Jonathan Huberdeau.
9:18 of 3rd period - Stopped by Elvis Merzlikins with a rebound.
9:27 of 3rd period - Shot by Zach Whitecloud.
9:27 of 3rd period - Stopped by Elvis Merzlikins without a rebound.
9:28 of 3rd period - Leon Draisaitl wins face-off versus Barrett Hayton in Canadiens zone.
9:55 of 3rd period - Shot by Ivan Provorov.
9:55 of 3rd period - Shot Hit the Post.
10:16 of 3rd period - Icing by Ivan Provorov.
10:17 of 3rd period - Leon Draisaitl wins face-off versus Jonatan Berggren in Canadiens zone.
10:21 of 3rd period - Off-side.
10:22 of 3rd period - Filip Chytil wins face-off versus Ryan O'Reilly in neutral zone.
10:40 of 3rd period - Jaccob Slavin is hit by Alexander Romanov and loses puck.
10:43 of 3rd period - Shot by Teuvo Teravainen.
10:43 of 3rd period - Stopped by Jordan Binnington without a rebound.
10:44 of 3rd period - Shane Pinto wins face-off versus Lars Eller in MapleLeafs zone.
10:50 of 3rd period - Shot by Shane Pinto.
10:50 of 3rd period - Deflect By Drake Batherson.
10:50 of 3rd period - Stopped by Elvis Merzlikins without a rebound.
10:51 of 3rd period - Barrett Hayton wins face-off versus Ryan O'Reilly in Canadiens zone.
11:08 of 3rd period - Shot by Ryan O'Reilly.
11:08 of 3rd period - Stopped by Jordan Binnington without a rebound.
11:09 of 3rd period - Lars Eller wins face-off versus Jonatan Berggren in MapleLeafs zone.
11:40 of 3rd period - Shot by Daniel Sprong.
11:40 of 3rd period - Stopped by Jordan Binnington without a rebound.
11:41 of 3rd period - Barrett Hayton wins face-off versus Teuvo Teravainen in MapleLeafs zone.
12:10 of 3rd period - Shot by Artturi Lehkonen.
12:10 of 3rd period - Shot Misses the Net.
12:12 of 3rd period - Shot by Ryan O'Reilly.
12:12 of 3rd period - Stopped by Jordan Binnington without a rebound.
12:13 of 3rd period - Leon Draisaitl wins face-off versus Shane Pinto in MapleLeafs zone.
12:20 of 3rd period - Shot by Filip Forsberg.
12:20 of 3rd period - Stopped by Jordan Binnington without a rebound.
12:21 of 3rd period - Leon Draisaitl wins face-off versus Shane Pinto in MapleLeafs zone.
12:30 of 3rd period - Shot by Leon Draisaitl.
12:30 of 3rd period - Stopped by Jordan Binnington without a rebound.
12:31 of 3rd period - Ryan O'Reilly wins face-off versus Filip Chytil in MapleLeafs zone.
13:21 of 3rd period - Jaccob Slavin is hit by Alexander Romanov and loses puck.
13:25 of 3rd period - Icing by Rasmus Sandin.
13:26 of 3rd period - Filip Chytil wins face-off versus Lars Eller in MapleLeafs zone.
13:26 of 3rd period - Filip Chytil is hit by Lars Eller.
13:47 of 3rd period - Anthony Mantha is hit by Nicolas Hague and loses puck.
14:01 of 3rd period - Shot by Drake Batherson.
14:01 of 3rd period - Stopped by Elvis Merzlikins with a rebound.
14:03 of 3rd period - Shot by Nicolas Hague.
14:03 of 3rd period - Shot Blocked by Ivan Provorov.
14:05 of 3rd period - Shot by Nicolas Hague.
14:05 of 3rd period - Shot Misses the Net.
14:29 of 3rd period - John Marino is hit by Lars Eller and loses puck.
14:33 of 3rd period - Minor Penalty to Lars Eller for Roughing.
14:34 of 3rd period - Filip Chytil wins face-off versus Alexander Kerfoot in Canadiens zone.
14:35 of 3rd period - Shot by Rasmus Sandin.
14:35 of 3rd period - Shot Misses the Net.
14:42 of 3rd period - Icing by Anthony Duclair.
14:43 of 3rd period - Alexander Kerfoot wins face-off versus Filip Chytil in MapleLeafs zone.
15:10 of 3rd period - Shot by Alexander Kerfoot.
15:10 of 3rd period - Stopped by Jordan Binnington without a rebound.
15:11 of 3rd period - Shane Pinto wins face-off versus Alexander Kerfoot in MapleLeafs zone.
16:01 of 3rd period - Shot by Ryan O'Reilly.
16:01 of 3rd period - Stopped by Jordan Binnington with a rebound.
16:09 of 3rd period - Shot by Ryan O'Reilly.
16:09 of 3rd period - Shot Blocked by Nicolas Hague.
16:31 of 3rd period - Ryan O'Reilly is hit by Filip Chytil.
16:36 of 3rd period - Off-side.
16:37 of 3rd period - Anthony Mantha wins face-off versus Barrett Hayton in neutral zone.
16:42 of 3rd period - Icing by Anthony Duclair.
16:43 of 3rd period - Barrett Hayton wins face-off versus Lars Eller in MapleLeafs zone.
16:43 of 3rd period - Barrett Hayton is hit by Lars Eller.
17:05 of 3rd period - Shot by Daniel Sprong.
17:05 of 3rd period - Shot Blocked by John Marino.
17:07 of 3rd period - Shot by Adam Pelech.
17:07 of 3rd period - Stopped by Jordan Binnington with a rebound.
17:45 of 3rd period - Shot by Teuvo Teravainen.
17:45 of 3rd period - Stopped by Jordan Binnington without a rebound.
17:46 of 3rd period - Leon Draisaitl wins face-off versus Filip Chytil in MapleLeafs zone.
18:21 of 3rd period - Leon Draisaitl is hit by Alexander Romanov and loses puck.
19:00 of 3rd period - Shot by Ryan O'Reilly.
19:00 of 3rd period - Shot Misses the Net.
19:15 of 3rd period - Artturi Lehkonen is hit by Nicolas Hague and loses puck.
19:25 of 3rd period - Off-side.
19:26 of 3rd period - Shane Pinto wins face-off versus Brendan Gallagher in neutral zone.
19:34 of 3rd period - Minor Penalty to Drake Batherson for Holding.
19:35 of 3rd period - Noel Acciari wins face-off versus Ryan O'Reilly in MapleLeafs zone.
19:44 of 3rd period - Noah Cates is hit by Artturi Lehkonen and loses puck.
19:49 of 3rd period - Shot by Ryan O'Reilly.
19:49 of 3rd period - Shot Misses the Net.
Goals for this period are 0 for Canadiens vs 0 for MapleLeafs.
Shots for this period are 18 for Canadiens vs 8 for MapleLeafs.